[ AOE2 MATCH · #504660989 ]
UnrankedVikings vs Incas
Player's team · WIN
Rival team · LOSS
[ REPLAY ANALYSIS · EXTRACTED FROM THE RECORDED GAME ]
Feudal
11:21
Castle
19:03
Imperial
31:23
| APM avg | 76.0 |
| APM peak | 108 |
| eAPM avg | 39.3 |
| Villagers / military | 151 / 181 |
Focus
⚔️ 48.5% · 🌾 51.5%
Archer ×52 · Skirmisher ×48 · Militia ×38 · Mangonel ×20 · Battering Ram ×17 · Monk ×3
Feudal
8:55
Castle
20:19
Imperial
32:16
| APM avg | 59.2 |
| APM peak | 87 |
| eAPM avg | 31.6 |
| Villagers / military | 130 / 127 |
Focus
⚔️ 49.6% · 🌾 50.4%
Petard ×54 · Skirmisher ×49 · Archer ×11 · Trebuchet (Packed) ×7 · Mangonel ×6
Match map
Initial resources + every placement click. Lines = walls · curves = elevation contours. ◆ gold · ⬟ stone · ● berries · ✦ relic · ◌ wall gap
Your base· Open — 5t gap
CNZS_情场浪子's base· Open — 8t gap
Smoothed initial terrain · ◌ = detected wall gap · hover for details
Inputs per minute
— Chavah - - CNZS_情场浪子
Build order — Chavah
First 150 of 592 actions detected
| 0:00 | Create | Villager (Male) |
| 0:01 | Create | Villager (Male) |
| 0:02 | Build | House |
| 0:04 | Build | House |
| 0:06 | Create | Villager (Male) |
| 0:16 | Create | Villager (Male) |
| 1:32 | Create | Villager (Male) |
| 1:32 | Create | Villager (Male) |
| 2:00 | Create | Villager (Male) |
| 2:00 | Create | Villager (Male) |
| 2:21 | Create | Villager (Male) |
| 2:21 | Create | Villager (Male) |
| 2:25 | Build | Lumber Camp |
| 2:48 | Create | Villager (Male) |
| 3:03 | Create | Villager (Male) |
| 3:03 | Create | Villager (Male) |
| 3:34 | Create | Villager (Male) |
| 3:34 | Create | Villager (Male) |
| 3:51 | Build | House |
| 3:57 | Create | Villager (Male) |
| 4:21 | Create | Villager (Male) |
| 4:37 | Build | Barracks |
| 4:47 | Create | Villager (Male) |
| 4:47 | Create | Villager (Male) |
| 5:09 | Create | Villager (Male) |
| 5:10 | Build | House |
| 5:32 | Create | Villager (Male) |
| 5:32 | Create | Villager (Male) |
| 5:36 | Create | Militia |
| 5:37 | Create | Militia |
| 5:39 | Build | House |
| 5:45 | Create | Villager (Male) |
| 6:19 | Create | Militia |
| 6:27 | Create | Villager (Male) |
| 6:38 | Build | Mill |
| 6:54 | Create | Villager (Male) |
| 7:15 | Build | Farm |
| 7:20 | Create | Villager (Male) |
| 7:33 | Build | Palisade Wall |
| 7:46 | Create | Villager (Male) |
| 8:15 | Create | Villager (Male) |
| 8:36 | Research | Loom |
| 8:54 | Build | Palisade Wall |
| 8:54 | Build | Palisade Wall |
| 9:07 | Research | Feudal Age |
| 9:07 | Research | Feudal Age |
| 9:21 | Build | Lumber Camp |
| 9:30 | Build | Mining Camp |
| 10:03 | Build | Palisade Wall |
| 10:04 | Build | Palisade Wall |
| 10:04 | Build | Palisade Wall |
| 10:16 | Create | Villager (Male) |
| 10:42 | Create | Villager (Male) |
| 10:45 | Build | Palisade Wall |
| 10:45 | Build | Palisade Wall |
| 10:47 | Build | Palisade Wall |
| 10:48 | Build | Palisade Wall |
| 10:48 | Build | Palisade Wall |
| 10:53 | Build | Palisade Wall |
| 10:54 | Build | Palisade Wall |
| 10:56 | Build | Palisade Wall |
| 10:57 | Build | Palisade Wall |
| 10:58 | Build | Palisade Wall |
| 11:21 | Age | Feudal Age |
| 11:25 | Research | Double-Bit Axe |
| 11:27 | Build | Archery Range |
| 11:38 | Create | Villager (Male) |
| 11:41 | Research | Horse Collar |
| 11:48 | Build | House |
| 12:09 | Create | Archer |
| 12:10 | Create | Archer |
| 12:13 | Create | Villager (Male) |
| 12:18 | Build | Blacksmith |
| 12:27 | Build | Farm |
| 12:29 | Build | Farm |
| 12:30 | Create | Villager (Male) |
| 12:34 | Build | Farm |
| 12:35 | Build | Farm |
| 12:45 | Create | Archer |
| 12:46 | Create | Villager (Male) |
| 12:51 | Build | Farm |
| 13:01 | Build | Farm |
| 13:03 | Research | Fletching |
| 13:14 | Build | Farm |
| 13:15 | Create | Villager (Male) |
| 13:17 | Create | Archer |
| 13:32 | Build | House |
| 13:38 | Build | Farm |
| 13:52 | Create | Villager (Male) |
| 14:04 | Build | House |
| 14:06 | Build | Farm |
| 14:07 | Create | Villager (Male) |
| 14:08 | Create | Archer |
| 14:23 | Create | Villager (Male) |
| 14:26 | Build | Farm |
| 14:28 | Build | Farm |
| 14:41 | Create | Archer |
| 14:44 | Create | Villager (Male) |
| 14:48 | Build | Farm |
| 14:56 | Create | Archer |
| 15:10 | Build | Farm |
| 15:20 | Create | Villager (Male) |
| 15:25 | Create | Archer |
| 15:37 | Build | Farm |
| 16:15 | Build | Archery Range |
| 16:17 | Build | House |
| 16:23 | Research | Castle Age |
| 16:31 | Build | Palisade Wall |
| 16:32 | Build | Palisade Wall |
| 16:32 | Build | Palisade Wall |
| 16:37 | Build | Farm |
| 16:57 | Research | Gold Mining |
| 16:57 | Research | Gold Mining |
| 16:57 | Create | Archer |
| 17:14 | Create | Archer |
| 17:37 | Research | Padded Archer Armor |
| 17:37 | Research | Padded Archer Armor |
| 17:38 | Create | Archer |
| 17:38 | Create | Archer |
| 17:39 | Create | Archer |
| 17:45 | Create | Archer |
| 17:49 | Build | House |
| 17:52 | Build | House |
| 18:04 | Create | Archer |
| 18:30 | Create | Archer |
| 18:46 | Create | Archer |
| 18:52 | Build | House |
| 18:56 | Build | House |
| 19:03 | Age | Castle Age |
| 19:11 | Research | Crossbowman (upgrade) |
| 19:13 | Create | Villager (Male) |
| 19:15 | Research | Bow Saw |
| 19:26 | Research | Bodkin Arrow |
| 19:29 | Create | Villager (Male) |
| 19:29 | Create | Archer |
| 19:39 | Create | Villager (Male) |
| 19:50 | Build | Town Center |
| 20:08 | Create | Villager (Male) |
| 20:17 | Create | Villager (Male) |
| 20:17 | Create | Archer |
| 20:32 | Create | Archer |
| 20:35 | Create | Archer |
| 20:36 | Create | Archer |
| 20:38 | Create | Villager (Male) |
| 20:47 | Build | Town Center |
| 20:57 | Create | Villager (Male) |
| 21:00 | Build | Monastery |
| 21:10 | Create | Villager (Male) |
| 21:12 | Create | Archer |
| 21:16 | Create | Villager (Male) |
Build order — CNZS_情场浪子
First 150 of 410 actions detected
| 0:01 | Create | Villager (Male) |
| 0:01 | Create | Villager (Male) |
| 0:03 | Build | House |
| 0:04 | Build | House |
| 0:23 | Create | Villager (Male) |
| 0:36 | Create | Villager (Male) |
| 1:27 | Create | Villager (Male) |
| 1:27 | Create | Villager (Male) |
| 1:47 | Build | Settlement |
| 1:59 | Create | Villager (Male) |
| 1:59 | Create | Villager (Male) |
| 2:25 | Create | Villager (Male) |
| 2:46 | Create | Villager (Male) |
| 3:13 | Create | Villager (Male) |
| 3:36 | Create | Villager (Male) |
| 3:57 | Create | Villager (Male) |
| 4:20 | Create | Villager (Male) |
| 4:51 | Build | Settlement |
| 4:52 | Create | Villager (Male) |
| 5:11 | Create | Villager (Male) |
| 5:32 | Create | Villager (Male) |
| 5:35 | Research | Loom |
| 6:45 | Research | Feudal Age |
| 7:24 | Build | Barracks |
| 7:31 | Build | Palisade Wall |
| 7:33 | Build | Palisade Wall |
| 7:55 | Build | Palisade Wall |
| 7:57 | Build | Palisade Wall |
| 8:00 | Build | Palisade Wall |
| 8:01 | Build | Palisade Wall |
| 8:03 | Build | Palisade Wall |
| 8:10 | Build | House |
| 8:34 | Create | Villager (Male) |
| 8:42 | Build | Palisade Wall |
| 8:44 | Build | Palisade Wall |
| 8:46 | Build | Palisade Wall |
| 8:55 | Age | Feudal Age |
| 8:58 | Build | Palisade Wall |
| 9:01 | Build | Palisade Wall |
| 9:23 | Create | Villager (Male) |
| 9:32 | Build | Archery Range |
| 9:39 | Create | Villager (Male) |
| 9:41 | Research | Double-Bit Axe |
| 9:52 | Create | Villager (Male) |
| 10:16 | Create | Villager (Male) |
| 10:21 | Create | Archer |
| 10:40 | Create | Villager (Male) |
| 10:47 | Research | Horse Collar |
| 11:05 | Create | Archer |
| 11:15 | Create | Villager (Male) |
| 11:30 | Build | Farm |
| 11:33 | Build | Farm |
| 11:36 | Build | Farm |
| 11:39 | Create | Archer |
| 11:41 | Build | Farm |
| 11:43 | Create | Villager (Male) |
| 12:05 | Create | Villager (Male) |
| 12:10 | Build | Farm |
| 12:22 | Create | Villager (Male) |
| 12:26 | Build | Blacksmith |
| 12:29 | Build | Palisade Wall |
| 12:33 | Create | Archer |
| 12:49 | Build | House |
| 12:55 | Build | Palisade Wall |
| 12:57 | Create | Villager (Male) |
| 13:01 | Create | Archer |
| 13:22 | Create | Villager (Male) |
| 13:42 | Build | Watch Tower |
| 13:46 | Create | Archer |
| 13:47 | Create | Villager (Male) |
| 14:03 | Research | Fletching |
| 14:05 | Create | Archer |
| 14:11 | Build | Settlement |
| 14:12 | Create | Villager (Male) |
| 14:41 | Build | Palisade Wall |
| 14:42 | Build | Palisade Wall |
| 14:50 | Build | Palisade Wall |
| 14:53 | Create | Villager (Male) |
| 15:03 | Build | Farm |
| 15:04 | Build | Farm |
| 15:06 | Build | Farm |
| 15:17 | Create | Villager (Male) |
| 15:20 | Build | Farm |
| 15:41 | Build | Palisade Wall |
| 15:43 | Create | Villager (Male) |
| 15:47 | Build | Farm |
| 16:10 | Create | Villager (Male) |
| 16:13 | Build | Farm |
| 16:16 | Build | Farm |
| 16:20 | Create | Archer |
| 16:30 | Build | Farm |
| 16:31 | Create | Villager (Male) |
| 16:38 | Build | Watch Tower |
| 16:55 | Create | Villager (Male) |
| 17:11 | Create | Archer |
| 17:39 | Research | Castle Age |
| 17:39 | Research | Castle Age |
| 17:54 | Build | Farm |
| 17:57 | Build | Farm |
| 17:59 | Create | Archer |
| 18:22 | Research | Gold Mining |
| 18:22 | Research | Gold Mining |
| 18:33 | Create | Archer |
| 19:12 | Create | Skirmisher |
| 19:27 | Research | Padded Archer Armor |
| 19:39 | Create | Skirmisher |
| 19:45 | Create | Villager (Male) |
| 20:19 | Age | Castle Age |
| 20:24 | Build | Town Center |
| 20:25 | Create | Villager (Male) |
| 20:31 | Research | Bodkin Arrow |
| 20:31 | Research | Bodkin Arrow |
| 20:43 | Create | Villager (Male) |
| 20:56 | Research | Elite Skirmisher (upgrade) |
| 20:59 | Create | Skirmisher |
| 21:07 | Research | Bow Saw |
| 21:15 | Research | Leather Archer Armor |
| 21:25 | Create | Villager (Male) |
| 21:38 | Build | Siege Workshop |
| 21:50 | Create | Villager (Male) |
| 21:53 | Create | Villager (Male) |
| 21:56 | Create | Skirmisher |
| 22:06 | Create | Villager (Male) |
| 22:18 | Create | Villager (Male) |
| 22:28 | Build | Town Center |
| 22:33 | Create | Villager (Male) |
| 22:37 | Create | Skirmisher |
| 22:48 | Create | Skirmisher |
| 22:51 | Create | Villager (Male) |
| 23:05 | Create | Villager (Male) |
| 23:05 | Create | Skirmisher |
| 23:12 | Create | Skirmisher |
| 23:21 | Build | House |
| 23:24 | Create | Villager (Male) |
| 23:27 | Create | Villager (Male) |
| 23:44 | Create | Skirmisher |
| 23:45 | Create | Villager (Male) |
| 23:48 | Create | Villager (Male) |
| 23:54 | Create | Villager (Male) |
| 23:57 | Build | Farm |
| 23:59 | Build | Farm |
| 24:01 | Build | Farm |
| 24:04 | Build | Farm |
| 24:16 | Create | Villager (Male) |
| 24:16 | Create | Villager (Male) |
| 24:17 | Build | Farm |
| 24:17 | Build | Farm |
| 24:17 | Build | Farm |
| 24:19 | Build | Farm |
| 24:21 | Build | Farm |
Match timeline
| 4:37 | Chavah · first_building Barracks |
| 7:24 | CNZS_情场浪子 · first_building Barracks |
| 7:31 | CNZS_情场浪子 · wall_segment Palisade Wall x1 |
| 7:33 | Chavah · wall_segment Palisade Wall x1 |
| 7:33 | CNZS_情场浪子 · wall_segment Palisade Wall x1 |
| 7:55 | CNZS_情场浪子 · wall_segment Palisade Wall x2 |
| 7:57 | CNZS_情场浪子 · wall_segment Palisade Wall x6 |
| 8:00 | CNZS_情场浪子 · wall_segment Palisade Wall x1 |
| 8:01 | CNZS_情场浪子 · wall_segment Palisade Wall x1 |
| 8:03 | CNZS_情场浪子 · wall_segment Palisade Wall x1 |
| 8:42 | CNZS_情场浪子 · wall_segment Palisade Wall x1 |
| 8:44 | CNZS_情场浪子 · wall_segment Palisade Wall x1 |
| 8:46 | CNZS_情场浪子 · wall_segment Palisade Wall x1 |
| 8:54 | Chavah · wall_segment Palisade Wall x6 |
| 8:54 | Chavah · wall_segment Palisade Wall x1 |
| 8:55 | CNZS_情场浪子 · age_up feudal |
| 8:58 | CNZS_情场浪子 · wall_segment Palisade Wall x1 |
| 9:01 | CNZS_情场浪子 · wall_segment Palisade Wall x1 |
| 9:32 | CNZS_情场浪子 · first_building Archery Range |
| 10:03 | Chavah · wall_segment Palisade Wall x1 |
| 10:04 | Chavah · wall_segment Palisade Wall x1 |
| 10:04 | Chavah · wall_segment Palisade Wall x1 |
| 10:45 | Chavah · wall_segment Palisade Wall x1 |
| 10:45 | Chavah · wall_segment Palisade Wall x1 |
| 10:47 | Chavah · wall_segment Palisade Wall x1 |
| 10:48 | Chavah · wall_segment Palisade Wall x1 |
| 10:48 | Chavah · wall_segment Palisade Wall x1 |
| 10:53 | Chavah · wall_segment Palisade Wall x1 |
| 10:54 | Chavah · wall_segment Palisade Wall x1 |
| 10:56 | Chavah · wall_segment Palisade Wall x1 |
| 10:57 | Chavah · wall_segment Palisade Wall x1 |
| 10:58 | Chavah · wall_segment Palisade Wall x1 |
| 11:21 | Chavah · age_up feudal |
| 11:27 | Chavah · first_building Archery Range |
| 12:29 | CNZS_情场浪子 · wall_segment Palisade Wall x6 |
| 12:55 | CNZS_情场浪子 · wall_segment Palisade Wall x14 |
| 14:41 | CNZS_情场浪子 · wall_segment Palisade Wall x1 |
| 14:42 | CNZS_情场浪子 · wall_segment Palisade Wall x1 |
| 14:50 | CNZS_情场浪子 · wall_segment Palisade Wall x6 |
| 15:41 | CNZS_情场浪子 · wall_segment Palisade Wall x1 |
| 16:31 | Chavah · wall_segment Palisade Wall x1 |
| 16:32 | Chavah · wall_segment Palisade Wall x1 |
| 16:32 | Chavah · wall_segment Palisade Wall x1 |
| 19:03 | Chavah · age_up castle |
| 20:19 | CNZS_情场浪子 · age_up castle |
| 21:00 | Chavah · first_building Monastery |
| 21:38 | CNZS_情场浪子 · first_building Siege Workshop |
| 23:56 | Chavah · first_building Siege Workshop |
| 25:32 | Chavah · first_building Castle |
| 28:44 | CNZS_情场浪子 · first_market_sell 100 wood |
| 28:45 | CNZS_情场浪子 · first_market_buy 100 food |
| 29:26 | CNZS_情场浪子 · first_building Castle |
| 31:23 | Chavah · age_up imperial |
| 32:06 | Chavah · first_market_sell 100 wood |
| 32:16 | CNZS_情场浪子 · age_up imperial |
| 35:32 | Chavah · first_market_buy 100 wood |
| 43:24 | CNZS_情场浪子 · resign |
[ AI ANALYSIS · 1 CREDIT ]
What really happened in this match?
Wolo.gg analyzes every decision: build order, eco, micro, common mistakes by bracket. Personalized analysis on WhatsApp or Discord in 30 seconds.
Civ guide
Vikings
Perfil
Jugador #14669191